 Dungeon Crawl Stone Soup version 0.22.0-75-g3901e79 (webtiles) character file.

90 sbiou the Covered (level 4, -2/37 HPs)
             Began as a Barachi Fighter on Sept 12, 2018.
             Slain by a sky beast (3 damage)
             ... on level 2 of the Dungeon.
             The game lasted 00:05:32 (1601 turns).

sbiou the Covered (Barachi Fighter)                 Turns: 1601, Time: 00:05:33

Health: -2/37      AC:  7    Str: 23    XL:     4   Next: 56%
Magic:  4/4        EV:  8    Int:  8    God:
Gold:   78         SH: 15    Dex: 12    Spells: 3/3 levels left

rFire    . . .     SeeInvis .   a - +2 long sword
rCold    . . .     Gourm    .   c - +0 shield
rNeg     . . .     Faith    .   b - +0 scale mail
rPois    .         Spirit   .   (no helmet)
rElec    .         Reflect  +   (no cloak)
rCorr    .         Harm     .   (no gloves)
MR       .....     Rnd*Tele +   (no boots)
Stlth    ..........             g - +5 amulet of reflection
HPRegen  0.12/turn              l - ring of teleportation (curse)
MPRegen  0.09/turn              (no ring)

@: mighty, slow
A: +LOS, swims, slowness 1, strong legs 1
a: Hop


You were on level 2 of the Dungeon.
You were not hungry.

You visited 1 branch of the dungeon, and saw 2 of its levels.

You collected 78 gold pieces.

Inventory:

Hand Weapons
 a - a +2 long sword (weapon)
Missiles
 n - 112 stones (quivered)
Armour
 b - a +0 scale mail (worn)
 c - a +0 shield (worn)
Jewellery
 g - a +5 amulet of reflection (around neck)
 l - a cursed ring of teleportation (left hand)
Scrolls
 h - 2 scrolls of identify
 i - 2 scrolls of teleportation
 k - a scroll of magic mapping {unknown}
Potions
 d - a potion of might
 m - a potion of flight
Comestibles
 f - 5 rations


   Skills:
 + Level 3.9 Fighting
 + Level 3.3 Long Blades
 + Level 4.3 Armour
 + Level 1.5 Dodging
 + Level 4.2 Shields


You had 3 spell levels left.
You didn't know any spells.
Your spell library was empty.

Dungeon Overview and Level Annotations

Branches:
Dungeon (2/15)

Altars:
Fedhas
Yredelemnul
The Shining One


Innate Abilities, Weirdness & Mutations

Shadows flee at your approach. (+LOS)
You can swim through water.
You cover ground slowly.
You can hop short distances.


Message History

You feel better. You block something's attack.
Unknown command.
You miss something. Something hits you but does no damage.
You closely miss something.
A sky beast appears from thin air!
Reactivating autopickup.
The sky beast hits you.
* * * LOW HITPOINT WARNING * * *
The sky beast shocks you.
* * * LOW HITPOINT WARNING * * *
You feel better. You block the sky beast's attack.
You barely miss the sky beast.
The sky beast is moderately wounded.
The sky beast flickers out of sight!
Deactivating autopickup; reactivate with Ctrl-A.
Something hits you.
* * * LOW HITPOINT WARNING * * *
Something shocks you.
* * * LOW HITPOINT WARNING * * *
Something hits you.
You die...

######## #.......
#####.######
#########.....#
#.........#####
#.#######.######
#.##...........##
#.#..#########..####
#.#@##Z......##.....
#.#{#8.#...#.8#.####
#.#s#r(.#.#...#.####
#...#_).......#.....
#..©#_$....©..#©..##
##..#_$.......#...#
##.#$$.#.#...#.#.##
#.#8.#...#.8#.....
#.##...©...##...##


You could see a quokka, a giant cockroach and a quokka skeleton.

Vanquished Creatures
  5 adders (D:2)
  An ooze (D:2)
  A worm (D:2)
  A dart slug (D:2)
  3 giant cockroaches
  5 goblins
  6 hobgoblins
  A quokka (D:2)
  A ball python (D:1)
  2 bats (D:2)
  5 frilled lizards
  2 kobolds (D:1)
  4 rats
37 creatures vanquished.

Vanquished Creatures (others)
  A goblin (D:2)
1 creature vanquished.

Grand Total: 38 creatures vanquished

Notes
Turn   | Place    | Note
-------+----------+-------------------------------------------
     0 | D:1      | sbiou the Barachi Fighter began the quest for the Orb.
     0 | D:1      | Reached XP level 1. HP: 18/18 MP: 1/1
    89 | D:1      | Reached XP level 2. HP: 12/25 MP: 2/2
   685 | D:2      | Reached XP level 3. HP: 18/30 MP: 3/3
   932 | D:2      | Found a transporter.
   935 | D:2      | Noticed a sky beast
   963 | D:2      | Found a transporter.
   984 | D:2      | Found a basalt altar of Yredelemnul.
   986 | D:2      | Found a glowing golden altar of the Shining One.
   986 | D:2      | Found a blossoming altar of Fedhas.
  1042 | D:2      | Reached skill level 1 in Dodging
  1094 | D:2      | Reached XP level 4. HP: 33/37 MP: 4/4
  1596 | D:2      | HP: 1/37 [something (5)]
  1601 | D:2      | HP: 1/37 [something (6)]
  1601 | D:2      | Slain by a sky beast

Skill      XL: |  1  2  3  4 |
---------------+-------------+-----
Armour         | 4 |  4.3
Dodging        | 1 |  1.5
Shields        | 4 |  4.2
Long Blades    | 3 |  3.3
Fighting       | |  3.9

Action                   |  1- 3 |  4- 6 || total
-------------------------+-------+-------++-------
Melee: Long sword        |   108 |    46 ||   154
Throw: Stone             |     8 |       ||     8
 Abil: Hop               |       |     1 ||     1
  Use: Scroll            |     4 |       ||     4
       Potion            |     3 |     4 ||     7
  Eat: Chunk             |     1 |     2 ||     3
Armor: Scale mail        |    39 |    13 ||    52
Dodge: Dodged            |    33 |     9 ||    42
Block: Shield            |    69 |    47 ||   116
       Reflection        |       |     3 ||     3
       Rpst.: Long sword |    13 |     2 ||    15
